Map: Frost LE

Players

Ape - Winner!

  • Race: Protoss Protoss
  • League: Platinum

Sharpe

  • Race: Protoss Protoss
  • League: Platinum

VOD

Have the link to the VOD?

Description

Time

  • Played on: July 23, 2016, 2:29 a.m.
  • Length: 7:56
Show
View Real Time Build Order
Export as new Build Order

Ape Protoss - Winner!

Build Orders:  

Get SALT Encoding   

  12  0:01  Probe (Chrono Boost)  
  13  0:12  Probe (Chrono Boost)  
  14  0:19  Pylon  
  14  0:23  Probe (Chrono Boost)  
  15  0:39  Gateway  
  15  0:41  Probe (Chrono Boost)  
  16  0:53  Probe (Chrono Boost), Assimilator  
  16  0:55  Assimilator  
  17  1:04  Probe (Chrono Boost)  
  19  1:18  Probe (Chrono Boost)  
  19  1:30  Cybernetics Core  
  19  1:33  Probe (Chrono Boost)  
  20  1:44  Pylon, Probe (Chrono Boost)  
  21  1:52  Pylon  
  21  1:54  Probe (Chrono Boost)  
  21  1:58  Warp Gate  
  22  2:06  Probe (Chrono Boost)  
  23  2:11  Robotics Facility  
  23  2:20  Mothership Core (Chrono Boost)  
  25  2:28  Gateway  
  25  2:29  Sentry  
  27  2:38  Gateway  
  27  2:53  Immortal  
  31  3:04  Adept  
  33  3:16  Pylon  
  33  3:18  Stalker  
  35  3:30  Immortal  
  39  3:43  Stalker  
  41  3:51  Pylon  
  41  4:07  Stalker  
  41  4:09  Stalker  
  45  4:31  Stalker x2  
  45  5:00  Stalker x3  
  47  5:21  Stalker  
  39  5:49  Immortal  
  39  5:51  Stalker x3  
  35  6:14  Gateway  
  35  6:19  Stalker x3  
  41  6:30  Immortal  
  41  7:07  Stalker x3  
  45  7:46  Stalker x3  
  55  7:51  Pylon  
Show
View Real Time Build Order
Export as new Build Order

Sharpe Protoss 

Build Orders:  

Get SALT Encoding   

  12  0:01  Probe (Chrono Boost)  
  13  0:12  Probe (Chrono Boost)  
  14  0:21  Pylon  
  14  0:23  Probe (Chrono Boost)  
  15  0:39  Probe (Chrono Boost)  
  15  0:40  Gateway  
  16  0:45  Assimilator  
  16  0:50  Probe (Chrono Boost)  
  17  1:00  Probe (Chrono Boost)  
  19  1:11  Probe (Chrono Boost)  
  19  1:21  Probe (Chrono Boost)  
  20  1:28  Cybernetics Core  
  20  1:37  Assimilator  
  20  1:40  Pylon  
  20  1:42  Probe (Chrono Boost)  
  21  1:53  Probe (Chrono Boost)  
  22  2:06  Warp Gate  
  22  2:07  Twilight Council  
  22  2:08  Adept  
  24  2:13  Probe (Chrono Boost)  
  25  2:25  Nexus  
  25  2:28  Pylon  
  25  2:33  Probe (Chrono Boost)  
  26  2:43  Adept  
  28  2:54  Resonating Glaives  
  28  2:55  Mothership Core (Chrono Boost)  
  30  3:14  Gateway  
  30  3:15  Probe (Chrono Boost)  
  32  3:27  Pylon, Probe (Chrono Boost)  
  32  3:39  Probe (Chrono Boost)  
  33  3:49  Probe (Chrono Boost)  
  33  3:51  Probe (Chrono Boost)  
  33  3:52  Adept  
  37  4:00  Probe (Chrono Boost)  
  39  4:03  Probe (Chrono Boost)  
  39  4:04  Gateway  
  39  4:05  Gateway  
  39  4:13  Probe (Chrono Boost)  
  39  4:15  Probe (Chrono Boost)  
  41  4:18  Robotics Facility  
  42  4:24  Probe (Chrono Boost)  
  42  4:29  Pylon  
  42  4:34  Probe (Chrono Boost)  
  42  4:35  Gateway  
  43  4:38  Adept  
  43  4:45  Probe (Chrono Boost)  
  43  4:56  Adept  
  44  5:04  Stalker x3  
  40  5:18  Stalker  
  38  5:25  Immortal  
  40  5:32  Zealot x2  
  42  5:39  Pylon  
  42  5:42  Pylon  
  42  5:46  Stalker  
  36  6:04  Adept  
  37  6:22  Pylon  
  37  6:44  Stalker x3  
  37  7:06  Adept x2  
  24  7:31  Adept  
Tags
 
Add a new tag
Caveats
  • Supply blocks, unpowered buildings, or Contaminate may cause inaccurate times.
  • Supply counts are checked every 10 seconds.